 Dungeon Crawl Stone Soup version 0.31.0-9-g3a7656b989 (webtiles) character file.

Game seed: 13119954121741716366

62 RancidPinata the Sneak (level 4, -14/33 HPs)
             Began as an Octopode Delver on Jan 24, 2024.
             Demolished by an orc wizard
             ... wielding a +2 dagger of electrocution
              (20 damage)
             ... on level 6 of the Dungeon.
             The game lasted 00:03:19 (485 turns).

RancidPinata the Sneak (Octopode Delver)             Turns: 485, Time: 00:03:20

Health: -14/33     AC:  1    Str: 11    XL:     4   Next: 8%
Magic:  4/4        EV: 14    Int: 12    God:
Gold:   47         SH:  0    Dex: 15    Spells: 3/3 levels left

rFire   . . .        a - +0 short sword
rCold   . . .        (no shield)
rNeg    . . .        (helmet restricted)
rPois   .            i - amulet of regeneration
rElec   .            (no ring)
rCorr   .            (no ring)
SInv    .            (no ring)
Will    .....        (no ring)
Stlth   ++++         (no ring)
HPRegen 1.05/turn    (no ring)
MPRegen 0.09/turn    (no ring)
                     (no ring)

%: no passive effects
@: no status effects
A: almost no armour, amphibious, 8 rings, camouflage 1, gelatinous body 1,
(nimble swimmer 1), tentacles
a: no special abilities


You were on level 6 of the Dungeon.
You visited 1 branch of the dungeon, and saw 3 of its levels.

You collected 47 gold pieces.

Inventory:

Hand Weapons
 a - a +0 short sword (weapon)
Missiles
 h - 6 poisoned darts (quivered)
Jewellery
 i - an amulet of regeneration (around mantle)
Wands
 f - a wand of digging (3)
Scrolls
 b - a scroll of fog
 c - a scroll of revelation
 d - a scroll of fear
 j - a scroll of teleportation {unknown}
Potions
 e - a potion of haste
 g - a potion of curing {unknown}


   Skills:
 * Level 3.7 Fighting
 + Level 2.4 Short Blades
 * Level 2.9 Dodging
 + Level 7.0 Stealth


You had 3 spell levels left.
You didn't know any spells.
Your spell library contained the following spells:

 Spells                   Type           Power      Damage    Failure   Level
 Freeze                   Ice            0%         1d3       32%         1
 Frozen Ramparts          Ice            0%         1d1       69%         3
 Hailstorm                Conj/Ice       0%         3d5       69%         3


Dungeon Overview and Level Annotations

Branches:
Dungeon (6/15)
 Temple: D:4-7

Altars:
Yredelemnul

Annotations:
D:4 Sigmund


Innate Abilities, Weirdness & Mutations

You cannot wear most types of armour.
You are amphibious.
You can wear up to eight rings at the same time.
Your skin changes colour to match your surroundings (Stealth+).
Your rubbery body absorbs attacks. (AC +1, EV +1)
((You are camouflaged when in or above water. (Stealth+)))
You have tentacles for arms and can constrict up to eight enemies at once.


Message History

You constrict the orc wizard. The orc wizard completely misses you.
You bump into the rock wall.
You constrict the orc wizard, but do no damage.
The orc wizard points at you and mumbles some strange words.
You resist with significant effort.
You hit the orc wizard. Your squeeze misses the orc wizard.
The orc wizard is heavily wounded.
You constrict the orc wizard.
You bump into the rock wall.
You constrict the orc wizard.
The orc wizard hits you with a +0 dagger.
You hit the orc wizard. You squeeze the orc wizard.
The orc wizard is almost dead.
You constrict the orc wizard.
You kill the orc wizard!
Your Stealth skill increases to level 7!
You have reached level 4!
You bump into the rock wall.
You bump into the rock wall.
You feel less confused.
You closely miss something. Something hits you.
You are electrocuted!
You closely miss something. Something completely misses you.
You hit something but do no damage. Your squeeze misses something.
Something barely misses you.
Unknown command.
You barely miss something. You squeeze something. Something barely misses you.
You closely miss something. You squeeze something!
Something completely misses you.
You hit something. Your squeeze misses something. Something hits you.
You barely miss something. Your squeeze misses something. Something hits you!
You miss something. Your squeeze misses something.
You hear some strange, mumbled words.
A puff of flame appears from out of thin air!
The puff of flame hits you.
You barely miss something. You barely miss something.
Your squeeze misses something. Something hits you.
You hit something but do no damage. Something hits you.
* * * LOW HITPOINT WARNING * * *
You are electrocuted!!
Ouch! That really hurt!
You die...

###.##.........
#..............
####.##..#......
###...............
#.................
##.##.##..######.# #.
#.##.......... #
#)##..######.# #.
#@##..# #.#
#.##{##..# #.#
#...o....## #.#
#.........# #.#
#.##.##.o.#####.#####
#. #................o
# #####..#####.#####
#..# #.# #..# #.#


You could see an orc.

Vanquished Creatures
  A jelly (D:6)
  An orc wizard (D:6)
  2 orcs
  2 endoplasms (D:4)
  A quokka (D:4)
  2 ball pythons (D:4)
9 creatures vanquished.

Notes
Turn   | Place    | Note
-------+----------+-------------------------------------------
     0 | D:5      | RancidPinata the Octopode Delver began the quest for the
                  | Orb.
     0 | D:5      | Reached XP level 1. HP: 16/16 MP: 1/1
    19 | D:6      | Noticed a sleepcap
    32 | D:6      | Noticed a jelly
    78 | D:5      | Found a basalt altar of Yredelemnul.
    78 | D:5      | Noticed a weeping skull
    98 | D:6      | Noticed an ogre
    98 | D:6      | Noticed a hound
   313 | D:4      | Noticed Sigmund
   356 | D:5      | Reached XP level 2. HP: 15/21 MP: 2/2
   402 | D:6      | Reached XP level 3. HP: 26/26 MP: 3/3
   473 | D:6      | Reached skill level 7 in Stealth
   473 | D:6      | Reached XP level 4. HP: 33/33 MP: 4/4
   485 | D:6      | Demolished by an orc wizard

Illustrated notes

Levels and vault maps discovered:
D:4:      layout_loops_cross, grunt_gozag_breadcrumbs, serial_shops, shop,
          minmay_quadrilaterals, uniq_sigmund, uniq_natasha
D:5:      layout_basic, yredelemnul_forgotten_temple_becter, lemuel_doored_altar
D:6:      layout_basic, regret_index_xom_buried_treasure,
          minmay_temple_entry_junction_2, serial_corexii_hall,
          corexii_hall_statues_s, corexii_hall_statues_l,
          chequers_serial_rivers_small_b, uniq_menkaure

Skill      XL: |  1  2  3 |
---------------+----------+-----
Stealth        | 7 |  7.0
Fighting       | |  3.7
Short Blades   | |  2.4
Dodging        | |  2.9

Action                     |  1- 3 |  4- 6 || total
---------------------------+-------+-------++-------
  Melee: Short sword       |    21 |    11 ||    32
         Tentacles         |     6 |     2 ||     8
         Constrict         |     4 |       ||     4
   Stab: Sleeping          |     2 |       ||     2
 Armour: Skin              |     5 |     6 ||    11
  Dodge: Dodged            |     7 |     4 ||    11
